[ AOE2 MATCH · #504988197 ]
UnrankedKhmer vs Britons
Player's team · WIN
Rival team · LOSS
[ REPLAY ANALYSIS · EXTRACTED FROM THE RECORDED GAME ]
Feudal
8:01
Castle
23:15
Imperial
33:30
| APM avg | 76.9 |
| APM peak | 119 |
| eAPM avg | 43.0 |
| Villagers / military | 564 / 1163 |
Focus
⚔️ 57.2% · 🌾 42.8%
Scout Cavalry ×674 · Spearman ×180 · Skirmisher ×134 · Ballista Elephant ×74 · Knight ×60 · Battering Ram ×19
Feudal
8:51
Castle
18:40
Imperial
35:23
| APM avg | 66.4 |
| APM peak | 108 |
| eAPM avg | 50.3 |
| Villagers / military | 473 / 1688 |
Focus
⚔️ 60.2% · 🌾 39.8%
Scout Cavalry ×850 · Spearman ×643 · Knight ×62 · Archer ×57 · Trebuchet (Packed) ×51 · Longbowman ×9
Match map
Initial resources + every placement click. Lines = walls · curves = elevation contours. ◆ gold · ⬟ stone · ● berries · ✦ relic · ◌ wall gap
Your base· ✓ Closed at 23:15 · 42t walls · 1 gate(s)
_LY_lyx's base· Open — unwalled flank
Smoothed initial terrain · ◌ = detected wall gap · hover for details
Inputs per minute
— Macluffy - - _LY_lyx
Build order — Macluffy
First 150 of 1953 actions detected
| 0:01 | Create | Villager (Male) |
| 0:02 | Build | House |
| 0:03 | Build | House |
| 0:06 | Create | Villager (Male) |
| 0:08 | Create | Villager (Male) |
| 0:15 | Create | Villager (Male) |
| 1:26 | Create | Villager (Male) |
| 1:44 | Build | Lumber Camp |
| 1:57 | Create | Villager (Male) |
| 2:13 | Create | Villager (Male) |
| 2:41 | Create | Villager (Male) |
| 3:10 | Create | Villager (Male) |
| 3:18 | Create | Villager (Male) |
| 3:50 | Build | House |
| 3:54 | Create | Villager (Male) |
| 4:00 | Build | House |
| 4:26 | Create | Villager (Male) |
| 4:49 | Create | Villager (Male) |
| 5:09 | Create | Villager (Male) |
| 5:50 | Research | Feudal Age |
| 6:19 | Build | Mill |
| 7:14 | Build | House |
| 7:28 | Create | Villager (Male) |
| 8:01 | Age | Feudal Age |
| 8:03 | Build | Stable |
| 8:08 | Research | Loom |
| 8:12 | Create | Villager (Male) |
| 8:25 | Build | House |
| 8:27 | Build | Palisade Wall |
| 8:39 | Build | Palisade Wall |
| 8:41 | Build | Palisade Wall |
| 8:44 | Create | Scout Cavalry |
| 8:45 | Create | Scout Cavalry |
| 8:48 | Create | Villager (Male) |
| 9:01 | Research | Double-Bit Axe |
| 9:08 | Create | Scout Cavalry |
| 9:09 | Create | Villager (Male) |
| 9:28 | Build | Palisade Gate |
| 9:31 | Build | House |
| 10:00 | Create | Villager (Male) |
| 10:05 | Create | Villager (Male) |
| 10:09 | Build | Farm |
| 10:11 | Build | Farm |
| 10:25 | Create | Villager (Male) |
| 10:41 | Create | Villager (Male) |
| 10:55 | Create | Scout Cavalry |
| 10:55 | Create | Villager (Male) |
| 10:59 | Build | Palisade Wall |
| 11:08 | Build | Palisade Wall |
| 11:11 | Create | Villager (Male) |
| 11:13 | Build | Farm |
| 11:13 | Build | Farm |
| 11:16 | Build | Farm |
| 11:19 | Build | Farm |
| 11:21 | Build | Farm |
| 11:35 | Create | Villager (Male) |
| 11:44 | Build | Archery Range |
| 11:51 | Build | House |
| 11:52 | Build | Palisade Wall |
| 11:52 | Build | Palisade Wall |
| 11:53 | Build | Palisade Wall |
| 11:53 | Build | Palisade Wall |
| 11:54 | Build | Palisade Wall |
| 11:58 | Create | Villager (Male) |
| 12:00 | Build | Farm |
| 12:04 | Create | Scout Cavalry |
| 12:12 | Create | Villager (Male) |
| 12:26 | Build | Farm |
| 12:34 | Create | Villager (Male) |
| 12:42 | Create | Skirmisher |
| 12:53 | Create | Villager (Male) |
| 13:02 | Build | Farm |
| 13:05 | Create | Villager (Male) |
| 13:12 | Create | Skirmisher |
| 13:15 | Build | House |
| 13:19 | Create | Villager (Male) |
| 13:22 | Build | Farm |
| 13:29 | Create | Scout Cavalry |
| 13:37 | Research | Horse Collar |
| 13:40 | Create | Skirmisher |
| 13:53 | Create | Villager (Male) |
| 14:05 | Create | Scout Cavalry |
| 14:08 | Create | Skirmisher |
| 14:11 | Build | Farm |
| 14:22 | Create | Villager (Male) |
| 14:32 | Build | Blacksmith |
| 14:36 | Create | Skirmisher |
| 14:42 | Create | Villager (Male) |
| 14:54 | Build | House |
| 14:56 | Create | Scout Cavalry |
| 15:01 | Create | Skirmisher |
| 15:07 | Create | Skirmisher |
| 15:17 | Create | Villager (Male) |
| 15:20 | Build | Farm |
| 15:31 | Research | Fletching |
| 15:36 | Build | House |
| 15:41 | Build | Farm |
| 15:43 | Build | Farm |
| 15:44 | Create | Villager (Male) |
| 16:01 | Create | Skirmisher |
| 16:10 | Research | Forging |
| 16:15 | Build | Farm |
| 16:17 | Build | Farm |
| 16:19 | Create | Villager (Male) |
| 16:26 | Build | House |
| 16:33 | Create | Skirmisher |
| 16:36 | Build | Farm |
| 16:39 | Create | Villager (Male) |
| 16:55 | Create | Villager (Male) |
| 16:56 | Create | Scout Cavalry |
| 16:58 | Build | Mining Camp |
| 17:12 | Create | Villager (Male) |
| 17:13 | Create | Skirmisher |
| 17:27 | Create | Villager (Male) |
| 17:38 | Research | Scale Barding Armor |
| 17:40 | Create | Villager (Male) |
| 18:01 | Create | Scout Cavalry |
| 18:02 | Create | Skirmisher |
| 18:17 | Create | Villager (Male) |
| 18:25 | Build | Lumber Camp |
| 18:50 | Create | Villager (Male) |
| 18:54 | Build | Market |
| 19:10 | Research | Bloodlines |
| 19:12 | Build | Farm |
| 19:24 | Create | Skirmisher |
| 19:27 | Build | House |
| 19:32 | Build | House |
| 19:43 | Create | Villager (Male) |
| 19:58 | Create | Villager (Male) |
| 20:07 | Build | Palisade Gate |
| 20:35 | Research | Castle Age |
| 20:45 | Build | House |
| 20:47 | Build | House |
| 20:49 | Build | House |
| 20:54 | Create | Skirmisher |
| 20:54 | Create | Skirmisher |
| 21:02 | Build | Lumber Camp |
| 21:12 | Research | Padded Archer Armor |
| 21:13 | Create | Skirmisher |
| 21:36 | Create | Skirmisher |
| 21:37 | Create | Villager (Male) |
| 21:41 | Build | Farm |
| 21:42 | Build | Farm |
| 21:44 | Create | Villager (Male) |
| 22:00 | Create | Villager (Male) |
| 22:41 | Build | Farm |
| 22:42 | Build | Farm |
| 22:54 | Build | Palisade Gate |
| 22:57 | Build | House |
| 22:59 | Create | Villager (Male) |
Build order — _LY_lyx
First 150 of 2595 actions detected
| 0:00 | Create | Villager (Male) |
| 0:01 | Create | Villager (Male) |
| 0:01 | Create | Villager (Male) |
| 0:02 | Build | House |
| 0:03 | Build | House |
| 0:12 | Create | Villager (Male) |
| 1:17 | Create | Villager (Male) |
| 1:17 | Create | Villager (Male) |
| 1:17 | Create | Villager (Male) |
| 1:50 | Build | Lumber Camp |
| 1:59 | Create | Villager (Male) |
| 1:59 | Create | Villager (Male) |
| 1:59 | Create | Villager (Male) |
| 2:20 | Create | Villager (Male) |
| 2:39 | Create | Villager (Male) |
| 3:12 | Create | Villager (Male) |
| 3:17 | Create | Villager (Male) |
| 3:33 | Create | Villager (Male) |
| 3:53 | Build | House |
| 4:11 | Create | Villager (Male) |
| 4:40 | Create | Villager (Male) |
| 5:07 | Create | Villager (Male) |
| 5:13 | Build | Barracks |
| 5:42 | Research | Loom |
| 5:45 | Create | Villager (Male) |
| 5:50 | Build | House |
| 6:09 | Research | Loom |
| 6:29 | Build | Palisade Wall |
| 6:30 | Build | Palisade Wall |
| 6:31 | Build | Palisade Wall |
| 6:41 | Research | Feudal Age |
| 6:41 | Research | Feudal Age |
| 6:54 | Create | Militia |
| 6:54 | Create | Militia |
| 7:10 | Build | Mining Camp |
| 7:23 | Create | Militia |
| 7:23 | Create | Militia |
| 7:46 | Create | Militia |
| 7:46 | Create | Militia |
| 7:58 | Build | Palisade Wall |
| 8:07 | Create | Villager (Male) |
| 8:51 | Age | Feudal Age |
| 8:57 | Create | Villager (Male) |
| 9:01 | Build | Archery Range |
| 9:02 | Research | Man-at-Arms (upgrade) |
| 9:02 | Research | Double-Bit Axe |
| 9:37 | Create | Villager (Male) |
| 9:39 | Build | Mill |
| 9:40 | Build | House |
| 10:04 | Create | Villager (Male) |
| 10:05 | Create | Villager (Male) |
| 10:06 | Create | Archer |
| 10:08 | Build | House |
| 10:16 | Build | House |
| 10:28 | Build | Farm |
| 10:29 | Build | Farm |
| 10:39 | Create | Villager (Male) |
| 10:40 | Create | Villager (Male) |
| 10:40 | Create | Villager (Male) |
| 10:41 | Build | Farm |
| 10:59 | Build | Farm |
| 11:07 | Create | Villager (Male) |
| 11:07 | Create | Villager (Male) |
| 11:31 | Create | Villager (Male) |
| 11:31 | Create | Villager (Male) |
| 11:32 | Create | Villager (Male) |
| 11:43 | Create | Archer |
| 11:43 | Create | Archer |
| 11:47 | Build | Farm |
| 11:48 | Build | Farm |
| 11:55 | Create | Villager (Male) |
| 11:55 | Create | Villager (Male) |
| 11:57 | Build | Farm |
| 12:01 | Build | Farm |
| 12:10 | Create | Villager (Male) |
| 12:10 | Create | Villager (Male) |
| 12:14 | Build | Farm |
| 12:18 | Build | Farm |
| 12:32 | Create | Villager (Male) |
| 12:40 | Create | Archer |
| 12:51 | Create | Villager (Male) |
| 13:04 | Build | Farm |
| 13:16 | Build | Farm |
| 13:21 | Research | Horse Collar |
| 13:30 | Create | Villager (Male) |
| 13:32 | Create | Archer |
| 13:52 | Create | Villager (Male) |
| 14:10 | Build | Stable |
| 14:13 | Create | Archer |
| 14:14 | Create | Villager (Male) |
| 14:35 | Create | Villager (Male) |
| 14:43 | Build | Farm |
| 14:50 | Build | House |
| 15:05 | Build | House |
| 15:09 | Create | Villager (Male) |
| 15:36 | Build | Lumber Camp |
| 15:53 | Create | Archer |
| 15:53 | Create | Archer |
| 15:53 | Create | Archer |
| 16:00 | Research | Castle Age |
| 16:01 | Research | Castle Age |
| 16:13 | Create | Scout Cavalry |
| 16:13 | Create | Scout Cavalry |
| 16:29 | Create | Archer |
| 16:32 | Build | House |
| 16:35 | Research | Horse Collar |
| 16:35 | Research | Horse Collar |
| 17:01 | Research | Gold Mining |
| 17:29 | Build | Blacksmith |
| 17:56 | Create | Archer |
| 18:14 | Research | Fletching |
| 18:18 | Create | Villager (Male) |
| 18:40 | Age | Castle Age |
| 18:44 | Create | Knight |
| 18:53 | Build | House |
| 18:55 | Build | House |
| 18:59 | Create | Villager (Male) |
| 19:10 | Research | Bow Saw |
| 19:10 | Research | Wheelbarrow |
| 19:11 | Research | Wheelbarrow |
| 19:20 | Research | Crossbowman (upgrade) |
| 19:20 | Research | Crossbowman (upgrade) |
| 19:48 | Create | Villager (Male) |
| 19:59 | Build | House |
| 20:03 | Research | Bodkin Arrow |
| 20:05 | Create | Villager (Male) |
| 20:11 | Build | Town Center |
| 20:18 | Create | Archer |
| 20:18 | Create | Archer |
| 20:36 | Build | House |
| 20:44 | Create | Knight |
| 20:55 | Create | Villager (Male) |
| 20:57 | Build | Town Center |
| 21:01 | Build | Farm |
| 21:06 | Create | Archer |
| 21:09 | Research | Scale Barding Armor |
| 21:18 | Build | Farm |
| 21:33 | Create | Knight |
| 21:45 | Create | Villager (Male) |
| 21:49 | Build | Farm |
| 21:58 | Create | Archer |
| 21:59 | Create | Knight |
| 22:16 | Create | Villager (Male) |
| 22:34 | Create | Villager (Male) |
| 22:34 | Create | Villager (Male) |
| 22:35 | Create | Villager (Male) |
| 22:37 | Build | Farm |
| 22:39 | Build | Farm |
| 22:39 | Build | Farm |
| 22:40 | Build | Farm |
Match timeline
| 5:13 | _LY_lyx · first_building Barracks |
| 6:29 | _LY_lyx · wall_segment Palisade Wall x1 |
| 6:30 | _LY_lyx · wall_segment Palisade Wall x1 |
| 6:31 | _LY_lyx · wall_segment Palisade Wall x4 |
| 7:58 | _LY_lyx · wall_segment Palisade Wall x7 |
| 8:01 | Macluffy · age_up feudal |
| 8:03 | Macluffy · first_building Stable |
| 8:27 | Macluffy · wall_segment Palisade Wall x7 |
| 8:39 | Macluffy · wall_segment Palisade Wall x3 |
| 8:41 | Macluffy · wall_segment Palisade Wall x3 |
| 8:51 | _LY_lyx · age_up feudal |
| 9:01 | _LY_lyx · first_building Archery Range |
| 10:59 | Macluffy · wall_segment Palisade Wall x19 |
| 11:08 | Macluffy · wall_segment Palisade Wall x5 |
| 11:44 | Macluffy · first_building Archery Range |
| 11:52 | Macluffy · wall_segment Palisade Wall x1 |
| 11:52 | Macluffy · wall_segment Palisade Wall x1 |
| 11:53 | Macluffy · wall_segment Palisade Wall x1 |
| 11:53 | Macluffy · wall_segment Palisade Wall x1 |
| 11:54 | Macluffy · wall_segment Palisade Wall x1 |
| 14:10 | _LY_lyx · first_building Stable |
| 18:40 | _LY_lyx · age_up castle |
| 20:13 | Macluffy · first_market_sell 100 stone |
| 20:14 | Macluffy · first_market_buy 100 food |
| 23:15 | Macluffy · age_up castle |
| 27:05 | _LY_lyx · first_building Castle |
| 27:57 | Macluffy · first_building Monastery |
| 27:59 | _LY_lyx · first_building Monastery |
| 32:08 | _LY_lyx · first_market_sell 100 wood |
| 32:15 | Macluffy · first_building Castle |
| 32:24 | Macluffy · wall_segment Palisade Wall x1 |
| 33:30 | Macluffy · age_up imperial |
| 35:23 | _LY_lyx · age_up imperial |
| 35:26 | Macluffy · wall_segment Palisade Wall x1 |
| 38:48 | _LY_lyx · first_market_buy 100 stone |
| 46:26 | Macluffy · first_building Siege Workshop |
| 62:47 | Macluffy · wall_segment Palisade Wall x1 |
| 62:49 | Macluffy · wall_segment Palisade Wall x1 |
| 65:12 | Macluffy · wall_segment Palisade Wall x1 |
| 70:21 | _LY_lyx · first_building Siege Workshop |
| 70:28 | Macluffy · first_building Barracks |
| 88:19 | Macluffy · wall_segment Palisade Wall x1 |
| 91:17 | Macluffy · wall_segment Palisade Wall x1 |
| 103:26 | _LY_lyx · resign |
[ AI ANALYSIS · 1 CREDIT ]
What really happened in this match?
Wolo.gg analyzes every decision: build order, eco, micro, common mistakes by bracket. Personalized analysis on WhatsApp or Discord in 30 seconds.
Civ guide
Khmer
Perfil
Jugador #453821